[Event "ICC tourney 2782 (30 10)"]
[Site "Internet Chess Club"]
[Date "2022.01.02"]
[Round "3"]
[White "AKULA, MAHIT:Judtyr123"]
[Black "HIBBS, ROBERT:BotanicalKnight"]
[Result "1-0"]
[ICCResult "Black forfeits on time"]
[WhiteElo "1193"]
[BlackElo "1398"]
[Opening "Caro-Kann: Tartakower (fantasy) variation"]
[ECO "B12"]
[NIC "CK.02"]
[Time "16:03:13"]
[PlyCount "105"]
[TimeControl "1800+10"]

1. e4 c6 2. d4 d5 3. f3 e6 4. Nc3 Nf6 5. e5 Nfd7 6. f4 Qb6 7. Nf3 c5 8. dxc5
Bxc5 9. Bd3 Bf2+ 10. Kf1 Bc5 11. Na4 Qc7 12. Nxc5 Nxc5 13. Be3 Bd7 14. a3 b5
15. Rc1 a5 16. Ng5 Nxd3 17. cxd3 Qb7 18. Qh5 Bc6 19. Bc5 Qd7 20. d4 Na6 21.
Bd6 g6 22. Qh6 f6 23. Nf3 O-O-O 24. Kf2 Kb7 25. b4 a4 26. Rc2 Rc8 27. Rhc1
f5 28. Ne1 Rhg8 29. Nd3 Qg7 30. Qh3 g5 31. fxg5 Qxg5 32. Qxh7+ Rg7 33. Qh3
Bd7 34. Rxc8 Qd2+ 35. Kg1 Bxc8 36. Bf8 Rc7 37. Rxc7+ Kxc7 38. Bd6+ Kb6 39.
Qg3 Qd1+ 40. Kf2 Qc2+ 41. Ke3 Qd1 42. Bc5+ Nxc5 43. bxc5+ Ka6 44. Nb4+ Ka5
45. Nc6+ Ka6 46. Nb4+ Ka5 47. h4 Qc1+ 48. Ke2 Qb2+ 49. Kf1 Qc1+ 50. Qe1 Qf4+
51. Kg1 Qxd4+ 52. Kh1 Qxc5 53. Nd3+ {Black forfeits on time} 1-0

[Event "ICC tourney 2782 (30 10)"]
[Site "Internet Chess Club"]
[Date "2022.01.02"]
[Round "4"]
[White "BAREKET, NIMROD:nb12"]
[Black "AKULA, MAHIT:Judtyr123"]
[Result "0-1"]
[ICCResult "White resigns"]
[WhiteElo "1191"]
[BlackElo "1193"]
[Opening "Petrov's defense"]
[ECO "C42"]
[NIC "RG.03"]
[Time "18:00:21"]
[PlyCount "32"]
[TimeControl "1800+10"]

1. e4 e5 2. Nf3 Nf6 3. Nxe5 Nc6 4. Nxc6 dxc6 5. d3 Bc5 6. Be2 h5 7. Be3 Bxe3
8. fxe3 Ng4 9. Qd2 Qh4+ 10. g3 Qg5 11. Bxg4 Bxg4 12. Nc3 h4 13. Qf2 hxg3 14.
Qxg3 Rh3 15. Qf4 Rxe3+ 16. Ne2 Qxf4 {White resigns} 0-1

[Event "ICC tourney 2782 (30 10)"]
[Site "Internet Chess Club"]
[Date "2022.01.02"]
[Round "4"]
[White "Mukku, Vishnu:psuedonerd123"]
[Black "WUDALI, PRANAV AVYAI:Pwudali"]
[Result "1-0"]
[ICCResult "Black checkmated"]
[WhiteElo "725"]
[BlackElo "492"]
[Opening "Ruy Lopez: Berlin defense"]
[ECO "C65"]
[NIC "RL.07"]
[Time "18:00:14"]
[PlyCount "55"]
[TimeControl "1800+10"]

1. e4 e5 2. Nf3 Nc6 3. Bb5 Nf6 4. d3 Bc5 5. Bxc6 bxc6 6. Nbd2 O-O 7. O-O d6
8. Nb3 Bg4 9. Nxc5 dxc5 10. h3 Bh5 11. Be3 Qd6 12. b3 Qe7 13. Qe2 Rad8 14.
Rad1 a5 15. Rc1 Ra8 16. a4 Qd8 17. Rfd1 Qc8 18. Bxc5 Rd8 19. Be7 Re8 20.
Bxf6 gxf6 21. Qe3 f5 22. Nh4 f4 23. Qd2 Qd8 24. Nf5 Qg5 25. Rf1 Bf3 26. g3
fxg3 27. Qxg5+ Kf8 28. Qg7# {Black checkmated} 1-0

[Event "ICC tourney 2782 (30 10)"]
[Site "Internet Chess Club"]
[Date "2022.01.02"]
[Round "4"]
[White "BYSIEK, SYLVIA GRACE:SylviaGrace"]
[Black "QIAO, RICHARDSON JINGSI:Richardsonqiao"]
[Result "1-0"]
[ICCResult "Black checkmated"]
[WhiteElo "751"]
[BlackElo "495"]
[Opening "Giuoco Piano"]
[ECO "C54"]
[NIC "IG.02"]
[Time "18:00:20"]
[PlyCount "85"]
[TimeControl "1800+10"]

1. e4 e5 2. Nf3 Nc6 3. Bc4 Bc5 4. c3 Nf6 5. d3 h6 6. O-O O-O 7. Nbd2 d6 8.
Re1 Re8 9. Nf1 Be6 10. Bb5 a6 11. Ba4 b5 12. Bc2 Rc8 13. Ng3 Bg4 14. h3 Bh5
15. Nxh5 Nxh5 16. Nxe5 Rxe5 17. d4 Bxd4 18. cxd4 Re8 19. Qxh5 Nxd4 20. Bd3
c5 21. Be3 Ne6 22. Qg4 Kh7 23. Qf5+ Kg8 24. e5 dxe5 25. Qh7+ Kf8 26. Qh8+
Ke7 27. Qh7 Rh8 28. Qe4 c4 29. Bc2 f6 30. Qb7+ Rc7 31. Qb6 Qb8 32. Qxa6 Rd8
33. Bf5 Nd4 34. Bxd4 Rxd4 35. Qe6+ Kf8 36. Rad1 Rxd1 37. Rxd1 Re7 38. Qd5
Qb7 39. Qd8+ Kf7 40. Bg4 g6 41. Bf3 Qa7 42. Bd5+ Kg7 43. Qg8# {Black
checkmated} 1-0

[Event "ICC tourney 2782 (30 10)"]
[Site "Internet Chess Club"]
[Date "2022.01.02"]
[Round "4"]
[White "YENIGALLA, MANAS:K06-30081118"]
[Black "procopio, Patti:prostripe"]
[Result "1-0"]
[ICCResult "Black resigns"]
[WhiteElo "521"]
[BlackElo "1122"]
[Opening "Pirc: Ufimtsev-Pytel variation"]
[ECO "B07"]
[NIC "VO.17"]
[Time "18:00:21"]
[PlyCount "81"]
[TimeControl "1800+10"]

1. e4 d6 2. d4 c6 3. Nc3 Nf6 4. Nf3 Bg4 5. h3 Bxf3 6. Qxf3 Nbd7 7. Bd3 e5 8.
d5 Be7 9. O-O O-O 10. Bd2 Nc5 11. Rfe1 cxd5 12. Nxd5 Nxd5 13. exd5 Nxd3 14.
Qxd3 Bf6 15. Bc3 Re8 16. Re4 Rc8 17. Rae1 a6 18. Qe3 Qd7 19. f4 Qf5 20. fxe5
Bxe5 21. Bxe5 Rxe5 22. Rxe5 dxe5 23. Qxe5 Qxe5 24. Rxe5 f6 25. Re7 Rxc2 26.
Rxb7 Rd2 27. Rb6 Rxd5 28. Rxa6 Rb5 29. b3 Kf7 30. Kf2 Kg6 31. Ke3 Kf5 32.
Kd4 Kf4 33. Ra7 Rg5 34. g4 Kg3 35. a4 Kxh3 36. a5 Rxg4+ 37. Kc5 f5 38. a6 f4
39. Rb7 f3 40. a7 Ra4 41. bxa4 {Black resigns} 1-0

[Event "ICC tourney 2782 (30 10)"]
[Site "Internet Chess Club"]
[Date "2022.01.02"]
[Round "4"]
[White "DING, OLIVIA:antpower0"]
[Black "WEYMAN, GRANT A:grantwey"]
[Result "0-1"]
[ICCResult "White checkmated"]
[WhiteElo "645"]
[BlackElo "1144"]
[Opening "QGD Slav defense"]
[ECO "D10"]
[NIC "SL.01"]
[Time "18:00:14"]
[PlyCount "150"]
[TimeControl "1800+10"]

1. d4 d5 2. c4 c6 3. Nc3 Nf6 4. Bf4 e6 5. Nf3 Bd6 6. Bg3 O-O 7. e3 Be7 8.
Bd3 Nbd7 9. O-O Nb6 10. b3 Bd7 11. e4 Bc8 12. e5 Nfd7 13. Qc2 c5 14. Bxh7+
Kh8 15. Bd3 cxd4 16. Nxd4 Nc5 17. Be2 dxc4 18. bxc4 Qxd4 19. Nb5 Qe4 20.
Qxe4 Nxe4 21. Nc7 Rb8 22. Nb5 Bd7 23. Bf3 Nd2 24. Rfd1 Nxf3+ 25. gxf3 Bxb5
26. cxb5 Rbd8 27. Rac1 Nd5 28. Rd3 Rc8 29. Rcd1 Rc5 30. a4 Rfc8 31. Rb3 Rc3
32. Rxc3 Rxc3 33. Ra1 Rb3 34. f4 Rxb5 35. axb5 Bc5 36. Rc1 Bb6 37. Rc8+ Kh7
38. Rb8 a5 39. Rxb7 a4 40. Rb8 a3 41. Ra8 Bc5 42. Kf1 Nc3 43. Ke1 a2 44. Kd2
Bd4 45. Kc2 Nxb5 46. Rxa2 Nc3 47. Ra6 Ne4 48. Rc6 Bxf2 49. Bxf2 Nxf2 50. Rc7
Kg6 51. Kd2 Ng4 52. h3 Nf2 53. Rc3 Ne4+ 54. Kd3 Nxc3 55. Kxc3 Kf5 56. Kd3
Kxf4 57. Ke2 Kg3 58. Ke3 Kxh3 59. Kd4 g5 60. Kc5 g4 61. Kd6 g3 62. Ke7 g2
63. Kxf7 g1=Q 64. Kxe6 Qg6+ 65. Kd5 Kg4 66. e6 Kf5 67. e7 Qe6+ 68. Kc5 Qxe7+
69. Kd5 Qe5+ 70. Kc6 Ke6 71. Kb7 Qd5+ 72. Ka7 Kd6 73. Ka6 Kc6 74. Ka7 Qb5
75. Ka8 Qb7# {White checkmated} 0-1

[Event "ICC tourney 2782 (30 10)"]
[Site "Internet Chess Club"]
[Date "2022.01.02"]
[Round "4"]
[White "BYSIEK, JULIANA RENEE:JulianaRenee"]
[Black "WEYMAN, JAMES G:jameswey"]
[Result "1-0"]
[ICCResult "Black checkmated"]
[WhiteElo "790"]
[BlackElo "497"]
[Opening "Two knights defense (Modern bishop's opening)"]
[ECO "C55"]
[NIC "IG.01"]
[Time "18:00:19"]
[PlyCount "55"]
[TimeControl "1800+10"]

1. e4 e5 2. Nf3 Nc6 3. Bc4 Nf6 4. d3 d5 5. exd5 Nxd5 6. O-O Be6 7. c3 Bc5 8.
Nbd2 O-O 9. h3 Re8 10. Re1 Bf5 11. Nf1 Qf6 12. Bxd5 Qg6 13. Bg5 Rad8 14. Bc4
Rc8 15. Ng3 e4 16. dxe4 Bxe4 17. Nxe4 Rxe4 18. Rxe4 Qxe4 19. Bb3 Ne5 20.
Nxe5 Rf8 21. Nd7 Rc8 22. Nxc5 Qe5 23. Qd7 Rf8 24. Be7 Ra8 25. Bd8 h6 26.
Qxf7+ Kh7 27. Bc2+ Kh8 28. Qf8# {Black checkmated} 1-0

[Event "ICC tourney 2782 (30 10)"]
[Site "Internet Chess Club"]
[Date "2022.01.02"]
[Round "4"]
[White "S VARANASI, RUTHWIK:K03-30145457"]
[Black "Ai, Yiming:sailingdesign"]
[Result "1-0"]
[ICCResult "Black checkmated"]
[WhiteElo "429"]
[BlackElo "639"]
[Opening "QGD Slav defense"]
[ECO "D10"]
[NIC "SL.01"]
[Time "18:00:17"]
[PlyCount "65"]
[TimeControl "1800+10"]

1. d4 d5 2. c4 c6 3. e3 Nf6 4. Nc3 Bf5 5. Bd3 e6 6. Bxf5 exf5 7. Nf3 Bb4 8.
Bd2 O-O 9. a3 Ba5 10. b4 Bb6 11. c5 Bc7 12. O-O Nbd7 13. h3 Nh5 14. Ne5 Qg5
15. f4 Qg3 16. Rf3 Qh4 17. Kh2 Bxe5 18. fxe5 f6 19. g3 Qg5 20. e4 Qg6 21.
exf5 Qf7 22. e6 Qe8 23. exd7 Qxd7 24. g4 Qc7+ 25. Kg2 Qf7 26. gxh5 Qxh5 27.
Rg3 Rfe8 28. Qxh5 Re7 29. Re1 Rxe1 30. Bxe1 Kf8 31. Qxh7 Rd8 32. Rxg7 Re8
33. Qh8# {Black checkmated} 1-0

[Event "ICC tourney 2782 (30 10)"]
[Site "Internet Chess Club"]
[Date "2022.01.02"]
[Round "4"]
[White "BAPURAM, ATHARV:AtharvRB"]
[Black "Bi, Lige:Bilige1103"]
[Result "1-0"]
[ICCResult "Black checkmated"]
[WhiteElo "1016"]
[BlackElo "1222"]
[Opening "King's Indian: Sämisch, orthodox, 7.d5"]
[ECO "E87"]
[NIC "KI.41"]
[Time "18:00:13"]
[PlyCount "63"]
[TimeControl "1800+10"]

1. d4 Nf6 2. c4 g6 3. Nc3 Bg7 4. e4 d6 5. f3 O-O 6. Be3 e5 7. d5 Nbd7 8. Qd2
Re8 9. Nge2 Nh5 10. g4 Nhf6 11. Ng3 b6 12. h4 Nf8 13. h5 N6d7 14. O-O-O b5
15. cxb5 a6 16. Rg1 axb5 17. Bxb5 Ba6 18. Bc6 Rb8 19. Rg2 Bb7 20. Bb5 Qc8
21. Rh1 Rd8 22. hxg6 fxg6 23. Bh6 Bh8 24. Bxf8 Nxf8 25. Nf5 Kf7 26. Rgh2 c6
27. dxc6 gxf5 28. Rxh7+ Nxh7 29. Rxh7+ Kg8 30. Qh6 Bf6 31. Qg6+ Kf8 32. Qf7#
{Black checkmated}
1-0

[Event "ICC tourney 2782 (30 10)"]
[Site "Internet Chess Club"]
[Date "2022.01.02"]
[Round "4"]
[White "DU, LEON:ldchessicc"]
[Black "RAMANATHAN, VARUN:Grasshopper411"]
[Result "1/2-1/2"]
[ICCResult "Game drawn by mutual agreement"]
[WhiteElo "470"]
[BlackElo "1068"]
[Opening "Tennison (Lemberg, Zukertort) gambit"]
[ECO "A06"]
[NIC "QP.09"]
[Time "18:00:29"]
[PlyCount "103"]
[TimeControl "1800+10"]

1. Nf3 d5 2. e4 dxe4 3. Ng5 Nf6 4. d3 e5 5. Nc3 h6 6. Ngxe4 Nxe4 7. Nxe4 Bf5
8. Be2 Nc6 9. O-O Be7 10. Be3 O-O 11. Ng3 Bg6 12. c3 f5 13. d4 f4 14. Bc4+
Kh8 15. d5 Na5 16. d6 Nxc4 17. dxe7 Qxe7 18. Qg4 Nxe3 19. fxe3 fxg3 20. Qxg6
gxh2+ 21. Kxh2 Rxf1 22. Rxf1 Qh4+ 23. Kg1 Rg8 24. g3 Qe7 25. Kg2 Qc5 26. Rh1
Qd5+ 27. e4 Qd2+ 28. Kf3 Rf8+ 29. Kg4 Qe2+ 30. Kh3 Qxb2 31. Qe6 Qxc3 32. Rb1
Qf3 33. Rxb7 Qh5+ 34. Kg2 Qf3+ 35. Kh3 Qh1+ 36. Kg4 h5+ 37. Kg5 Qxe4 38.
Rxc7 Qe3+ 39. Kh4 Qe4+ 40. g4 hxg4 41. Rc4 Qe1+ 42. Kxg4 Qe2+ 43. Kg5 Qd2+
44. Kg4 Qg2+ 45. Kh5 Qf3+ 46. Kg5 Qe3+ 47. Kh5 Qf3+ 48. Kg5 Qg3+ 49. Rg4
Qe3+ 50. Kh5 Qf3 51. Kg5 Qe3+ 52. Kh5 {Game drawn by mutual agreement}
1/2-1/2

[Event "ICC tourney 2782 (30 10)"]
[Site "Internet Chess Club"]
[Date "2022.01.02"]
[Round "4"]
[White "ZHENG, CARSON:Carsonultra22"]
[Black "PADIYAR, SUNMAY:sunmay12"]
[Result "0-1"]
[ICCResult "White checkmated"]
[WhiteElo "1039"]
[BlackElo "1369"]
[Opening "QGD: 6.Nf3"]
[ECO "D55"]
[NIC "QO.13"]
[Time "18:00:22"]
[PlyCount "78"]
[TimeControl "1800+10"]

1. d4 d5 2. c4 e6 3. Nc3 Nf6 4. Bg5 Be7 5. e3 O-O 6. Nf3 Nc6 7. Be2 Re8 8.
O-O h6 9. Bh4 Nh7 10. Bg3 a6 11. a4 Bf6 12. Re1 dxc4 13. Bxc4 Ng5 14. Nxg5
hxg5 15. Qb3 Na5 16. Qb4 c6 17. Bd3 Be7 18. Qxa5 Qxa5 19. Ne2 Qd8 20. Be5
Bf6 21. Bxf6 Qxf6 22. e4 e5 23. dxe5 Qxe5 24. b3 Bg4 25. f3 Be6 26. Bc4 Bxc4
27. bxc4 Qc5+ 28. Kh1 Qxc4 29. Ng3 b5 30. Rec1 Qe6 31. Ne2 Red8 32. axb5
cxb5 33. Rc2 g4 34. Nf4 Qe5 35. Ne2 Qxa1+ 36. Ng1 Rd1 37. h3 g3 38. Rc8+
Rxc8 39. h4 Rxg1# {White checkmated} 0-1

[Event "ICC tourney 2782 (30 10)"]
[Site "Internet Chess Club"]
[Date "2022.01.02"]
[Round "4"]
[White "SALIL, AARAV:Jaguarking"]
[Black "LAVALLEE, MOLLY:mollysun323"]
[Result "1-0"]
[ICCResult "Black resigns"]
[WhiteElo "1214"]
[BlackElo "826"]
[Opening "Scotch game"]
[ECO "C45"]
[NIC "SO.04"]
[Time "18:00:18"]
[PlyCount "71"]
[TimeControl "1800+10"]

1. e4 e5 2. Nf3 Nc6 3. d4 exd4 4. Nxd4 Nxd4 5. Qxd4 Nf6 6. Bg5 Be7 7. Bc4 c5
8. Qd3 O-O 9. O-O Nxe4 10. Bxe7 Qxe7 11. Re1 d5 12. Bxd5 Qf6 13. Bxe4 Qxb2
14. Nd2 Be6 15. Bxh7+ Kh8 16. Bf5 Bxf5 17. Qxf5 Rfe8 18. Nf3 Rxe1+ 19. Rxe1
g6 20. Qxf7 Rg8 21. Ng5 Qg7 22. Qxg7+ Kxg7 23. Ne6+ Kf6 24. Nxc5 Rc8 25.
Nxb7 Rxc2 26. Ra1 Rb2 27. Nc5 a5 28. a4 Rc2 29. Nb7 Kf5 30. Nxa5 Ke4 31. Nb3
Kd3 32. a5 Kc4 33. Nc1 Kb5 34. a6 Rxc1+ 35. Rxc1 Kxa6 36. Rc6+ {Black
resigns} 1-0

[Event "ICC tourney 2782 (30 10)"]
[Site "Internet Chess Club"]
[Date "2022.01.02"]
[Round "4"]
[White "Chen, Angelique Lee:oklahoo"]
[Black "WU, DARREN:chessboy111"]
[Result "1-0"]
[ICCResult "Black checkmated"]
[WhiteElo "880"]
[BlackElo "724"]
[Opening "Giuoco Piano"]
[ECO "C54"]
[NIC "IG.02"]
[Time "18:00:22"]
[PlyCount "109"]
[TimeControl "1800+10"]

1. e4 e5 2. Nf3 Nc6 3. Bc4 Bc5 4. c3 Nf6 5. d4 exd4 6. cxd4 Bb4+ 7. Bd2
Bxd2+ 8. Nbxd2 d5 9. exd5 Nxd5 10. O-O O-O 11. Re1 Bg4 12. Qb3 Na5 13. Qb5
Nxc4 14. Qxc4 Nb6 15. Qc2 Re8 16. Qb3 Re7 17. Rxe7 Qxe7 18. Ne5 Be6 19. Qf3
Rd8 20. Qxb7 Bd5 21. Qa6 Qg5 22. Ndf3 Bxf3 23. Nxf3 Qf4 24. Qxa7 Qd6 25. h3
Qc6 26. Qa3 Nc4 27. Qc3 Qd5 28. Rc1 Nb6 29. Qxc7 Na4 30. b3 Nb2 31. Qc2 Nd3
32. Qxd3 Qa5 33. Qc4 Qxa2 34. Ng5 Qa7 35. Qc7 Qxc7 36. Rxc7 f6 37. Nf3 g5
38. b4 h5 39. b5 Rb8 40. Rc5 Rb6 41. d5 Kg7 42. Nd2 Kf7 43. Nc4 Rb8 44. b6
Ke8 45. b7 Kd8 46. Nd6 Kd7 47. Rc8 Kxd6 48. Rxb8 Kxd5 49. Rc8 Ke4 50. b8=Q
Kd3 51. Re8 Kc4 52. Qd6 Kc3 53. Rc8+ Kb3 54. Qb6+ Ka4 55. Ra8#
{Black checkmated}
1-0

[Event "ICC tourney 2782 (30 10)"]
[Site "Internet Chess Club"]
[Date "2022.01.02"]
[Round "4"]
[White "MADSEN, STUART:gmstuartscott"]
[Black "SHANKAR, NEAL:NealShankar4"]
[Result "0-1"]
[ICCResult "White checkmated"]
[WhiteElo "717"]
[BlackElo "1031"]
[Opening "QGD: Ragozin variation"]
[ECO "D38"]
[NIC "NI.27"]
[Time "18:00:32"]
[PlyCount "74"]
[TimeControl "1800+10"]

1. d4 d5 2. c4 e6 3. Nf3 Nf6 4. Nc3 Bb4 5. Bd2 O-O 6. a3 Bxc3 7. Bxc3 b6 8.
b4 Bb7 9. b5 c6 10. a4 a6 11. e3 axb5 12. cxb5 c5 13. Bd3 Nbd7 14. Bc2 Rc8
15. Nd2 cxd4 16. Bxd4 e5 17. Bb2 h6 18. f3 Re8 19. O-O Qc7 20. Rc1 Qd6 21.
e4 Nc5 22. Ba3 Qd7 23. Bxc5 bxc5 24. b6 Ra8 25. Ra1 Ra5 26. Nb3 Rxa4 27.
Nxc5 Rxa1 28. Qxa1 Qb5 29. Qa7 Qxc5+ 30. Kh1 Qxc2 31. Qxb7 Qc4 32. Rg1 dxe4
33. fxe4 Nxe4 34. h3 Ng3+ 35. Kh2 Qf4 36. Qf3 Nf1+ 37. Kh1 Qh2#
{White checkmated}
0-1

[Event "ICC tourney 2782 (30 10)"]
[Site "Internet Chess Club"]
[Date "2022.01.02"]
[Round "4"]
[White "HIBBS, ROBERT:BotanicalKnight"]
[Black "KONG, RYAN D:NeuralNetworkQS"]
[Result "1-0"]
[ICCResult "Black resigns"]
[WhiteElo "1398"]
[BlackElo "1013"]
[Opening "Bishop's opening: Classical variation"]
[ECO "C23"]
[NIC "IG.04"]
[Time "18:00:37"]
[PlyCount "71"]
[TimeControl "1800+10"]

1. e4 e5 2. Bc4 Bc5 3. d3 Nc6 4. Nc3 d6 5. Na4 Bb6 6. Nxb6 axb6 7. f4 h6 8.
Nf3 Nf6 9. O-O O-O 10. c3 Be6 11. Bb3 Na5 12. Bc2 Qc8 13. fxe5 dxe5 14. Nxe5
Nd7 15. Nxd7 Qxd7 16. Qh5 Bg4 17. Qh4 Be2 18. Rf2 Bg4 19. Be3 f5 20. b4 Nc6
21. Bb3+ Kh7 22. h3 Qxd3 23. Bxh6 gxh6 24. hxg4 Qxc3 25. Raf1 Qd4 26. g5 Qd6
27. exf5 Nd4 28. f6 Nxb3 29. Qxh6+ Kg8 30. axb3 Rf7 31. g6 Qxb4 32. gxf7+
Kxf7 33. Qg7+ Ke6 34. f7 Qh4 35. f8=Q Rxf8 36. Qxf8 {Black resigns} 1-0

[Event "ICC tourney 2782 (30 10)"]
[Site "Internet Chess Club"]
[Date "2022.01.02"]
[Round "4"]
[White "HECHT, HENRY:Henhec1001"]
[Black "HAMLETT, JAMES MORRISON:Hamlett144"]
[Result "0-1"]
[ICCResult "White checkmated"]
[WhiteElo "988"]
[BlackElo "1276"]
[Opening "French: advance, Euwe variation"]
[ECO "C02"]
[NIC "FR.03"]
[Time "18:00:14"]
[PlyCount "58"]
[TimeControl "1800+10"]

1. e4 e6 2. d4 d5 3. e5 c5 4. c3 Nc6 5. Nf3 Bd7 6. Bd3 Qb6 7. Bc2 cxd4 8.
cxd4 Nb4 9. Ba4 Nd3+ 10. Qxd3 Bxa4 11. Nc3 Bb4 12. Bd2 Bxc3 13. Bxc3 Ne7 14.
Qd2 Ng6 15. Ba5 Qa6 16. Qb4 Bb5 17. a4 Bd3 18. Qc5 b5 19. axb5 Qxb5 20. Qc7
O-O 21. Rc1 Qxb2 22. Nd2 Bc4 23. Rd1 Nf4 24. Rb1 Qxd4 25. Rg1 Nd3+ 26. Kd1
Nxf2+ 27. Kc2 Bd3+ 28. Kb3 Rab8+ 29. Ka2 Qa4# {White checkmated} 0-1

[Event "ICC tourney 2782 (30 10)"]
[Site "Internet Chess Club"]
[Date "2022.01.02"]
[Round "4"]
[White "AI, RUOMING:charmingraven"]
[Black "KUMBHARATHI, VEDANSH:vedansh98"]
[Result "0-1"]
[ICCResult "White checkmated"]
[WhiteElo "1080"]
[BlackElo "730"]
[Opening "French: exchange variation"]
[ECO "C01"]
[NIC "FR.01"]
[Time "18:00:20"]
[PlyCount "102"]
[TimeControl "1800+10"]

1. e4 e6 2. d4 d5 3. exd5 exd5 4. Nf3 Nf6 5. Bd3 Be6 6. Bf4 Bd6 7. Bxd6 Qxd6
8. Nc3 c6 9. h3 Nbd7 10. O-O h6 11. Re1 O-O 12. Ne5 Rfe8 13. Qf3 a6 14. Nxd7
Qxd7 15. Re3 c5 16. Ne2 c4 17. Bxc4 dxc4 18. Rd1 Bd5 19. Rxe8+ Rxe8 20. Qc3
Rxe2 21. Rf1 Qf5 22. Qb4 Ne4 23. Qa3 Nxf2 24. Qg3 Qxc2 25. Rxf2 Rxf2 26.
Qxf2 Qxf2+ 27. Kxf2 Kf8 28. a3 Ke7 29. g3 Ke6 30. Ke3 b5 31. h4 g5 32. hxg5
hxg5 33. Ke2 Kf5 34. Ke3 Kg4 35. Kf2 f5 36. Ke3 Kxg3 37. Ke2 g4 38. Ke3 f4+
39. Ke2 f3+ 40. Kf1 Kf4 41. Kf2 g3+ 42. Kf1 g2+ 43. Kg1 a5 44. Kf2 b4 45.
axb4 axb4 46. b3 cxb3 47. Ke1 g1=Q+ 48. Kd2 Qxd4+ 49. Kc1 Qc3+ 50. Kd1 Qc2+
51. Ke1 Qe2# {White checkmated} 0-1

[Event "ICC tourney 2782 (30 10)"]
[Site "Internet Chess Club"]
[Date "2022.01.02"]
[Round "4"]
[White "HELLER, JACK G:Maximusiv"]
[Black "LIU, BRYAN:coolcoolsugar"]
[Result "0-1"]
[ICCResult "White resigns"]
[WhiteElo "873"]
[BlackElo "1216"]
[Opening "Sicilian: Smith-Morra gambit"]
[ECO "B21"]
[NIC "SI.48"]
[Time "18:00:19"]
[PlyCount "56"]
[TimeControl "1800+10"]

1. e4 c5 2. d4 cxd4 3. c3 Nc6 4. cxd4 e6 5. Nf3 d5 6. e5 Bb4+ 7. Bd2 Bxd2+
8. Nbxd2 f6 9. Bb5 Bd7 10. Bxc6 Bxc6 11. O-O fxe5 12. Nxe5 Nf6 13. Re1 O-O
14. Re3 Ne8 15. Rh3 Qf6 16. Ng4 Qg5 17. Rg3 Qf4 18. Nf3 Nd6 19. Nge5 Ne4 20.
Rg4 Qf6 21. Qe2 h5 22. Rg6 Qf4 23. Rxe6 Qf5 24. Rg6 Be8 25. Rd6 Nxd6 26. Nh4
Qf6 27. Qxh5 Qxf2+ 28. Kh1 Qf1+ {White resigns} 0-1

[Event "ICC tourney 2782 (30 10)"]
[Site "Internet Chess Club"]
[Date "2022.01.02"]
[Round "4"]
[White "RAVINUTALA, VIVEK:vivek2009"]
[Black "ARMBRUSTER, THOMAS E:TE47Armbruster"]
[Result "1/2-1/2"]
[ICCResult "Game drawn because neither player has mating material"]
[WhiteElo "1126"]
[BlackElo "1248"]
[Opening "Bishop's opening/Petrov: Urusov gambit"]
[ECO "C24"]
[NIC "IG.04"]
[Time "18:00:24"]
[PlyCount "90"]
[TimeControl "1800+10"]

1. e4 e5 2. Bc4 Nf6 3. d4 exd4 4. Nf3 Bb4+ 5. Bd2 Bxd2+ 6. Nbxd2 c5 7. Nb3
d6 8. Qd3 O-O 9. O-O-O Ng4 10. Rdf1 Be6 11. h3 Bxc4 12. Qxc4 Nf6 13. e5 dxe5
14. Nxe5 b6 15. g4 Qd5 16. f4 Qxc4 17. Nxc4 Nc6 18. f5 Rfe8 19. Nbd2 Ne4 20.
Nxe4 Rxe4 21. Re1 Rae8 22. Kd1 Rxe1+ 23. Rxe1 Rxe1+ 24. Kxe1 f6 25. Kd2 Kf7
26. c3 dxc3+ 27. Kxc3 Ke7 28. a4 Kd7 29. Nd2 a6 30. Ne4 Nd4 31. b4 Ne2+ 32.
Kc4 cxb4 33. Kxb4 Nf4 34. h4 Ng2 35. h5 Ne3 36. h6 Ke7 37. hxg7 Kf7 38.
g8=Q+ Kxg8 39. Nxf6+ Kg7 40. g5 Nxf5 41. a5 bxa5+ 42. Kxa5 Nd4 43. Kxa6 Nf3
44. Nxh7 Kxh7 45. g6+ Kxg6
{Game drawn because neither player has mating material}
1/2-1/2

[Event "ICC tourney 2782 (30 10)"]
[Site "Internet Chess Club"]
[Date "2022.01.02"]
[Round "4"]
[White "WAREKAR, AARNA:aarnawarekar"]
[Black "SAUL, BRUCE H:Bdevil81"]
[Result "0-1"]
[ICCResult "White checkmated"]
[WhiteElo "930"]
[BlackElo "1223"]
[Opening "Queen's bishop game"]
[ECO "D00"]
[NIC "QP.08"]
[Time "18:00:18"]
[PlyCount "120"]
[TimeControl "1800+10"]

1. d4 d5 2. Bf4 Nf6 3. Nf3 c6 4. e3 g6 5. c3 Bg7 6. Nbd2 O-O 7. Be2 Nbd7 8.
Rc1 Nh5 9. Bg3 Re8 10. c4 Nxg3 11. hxg3 e5 12. dxe5 Nxe5 13. b3 Bf5 14. Nd4
Nd3+ 15. Bxd3 Bxd3 16. N2f3 Be4 17. Qd2 dxc4 18. Rxc4 Qd5 19. Qb4 Qd7 20.
Ne2 Rad8 21. Nd2 Bd3 22. Rch4 Bxe2 23. Kxe2 Qd3+ 24. Kf3 Qxd2 25. Qxb7 Qd7
26. Qb4 h6 27. g4 Qd6 28. Qa4 Qd5+ 29. Kg3 a5 30. b4 axb4 31. Qxb4 Qd6+ 32.
Qxd6 Rxd6 33. a4 Ra8 34. g5 h5 35. Kf3 Rd5 36. Rc1 c5 37. Rhc4 Rxg5 38. Rxc5
Rxc5 39. Rxc5 Rxa4 40. Rc8+ Kh7 41. Rc7 f6 42. Rc1 g5 43. Rh1 Kg6 44. g3 f5
45. Rc1 Ra2 46. Rc6+ Bf6 47. Rc1 g4+ 48. Kg2 h4 49. gxh4 Bxh4 50. Rc6+ Kg5
51. Rc3 Rxf2+ 52. Kg1 Rf3 53. Kg2 Kf6 54. Rc6+ Ke5 55. Rh6 Bg5 56. Rh8 Bxe3
57. Re8+ Kf4 58. Ra8 Rf2+ 59. Kh1 Kg3 60. Ra1 Rh2# {White checkmated} 0-1

[Event "ICC tourney 2782 (30 10)"]
[Site "Internet Chess Club"]
[Date "2022.01.02"]
[Round "4"]
[White "PRABHU, VARUN:varunprabhu"]
[Black "Wadhwa, Tejas:WinPeps"]
[Result "1/2-1/2"]
[ICCResult "Black stalemated"]
[WhiteElo "864"]
[BlackElo "680"]
[Opening "Giuoco Piano"]
[ECO "C50"]
[NIC "IG.02"]
[Time "18:00:17"]
[PlyCount "117"]
[TimeControl "1800+10"]

1. e4 e5 2. Nf3 Nc6 3. Bc4 Bc5 4. O-O Nf6 5. Nc3 d6 6. h3 Be6 7. Bb3 d5 8.
exd5 Bxd5 9. Nxd5 Nxd5 10. Re1 f6 11. d3 Qd6 12. c4 Nb6 13. a4 Na5 14. Qc2
O-O-O 15. Rd1 Rd7 16. Be3 Rhd8 17. Ne1 g6 18. Rab1 Nxb3 19. Qxb3 a5 20. Bxc5
Qxc5 21. Qb5 Qxb5 22. axb5 c6 23. c5 Na4 24. bxc6 bxc6 25. Rdc1 Rd5 26. b4
axb4 27. Rxb4 Nxc5 28. Rbc4 Nxd3 29. Rxc6+ Kd7 30. Rc7+ Ke6 31. R1c6+ R8d6
32. Nxd3 Rxd3 33. Rxd6+ Rxd6 34. Rxh7 Rd7 35. Rxd7 Kxd7 36. Kf1 Ke6 37. Ke2
Kf5 38. Kf3 e4+ 39. Ke3 Ke5 40. f3 exf3 41. Kxf3 f5 42. g3 g5 43. h4 g4+ 44.
Ke3 Kf6 45. Kf4 Ke6 46. h5 Kf6 47. h6 Kg6 48. h7 Kxh7 49. Kxf5 Kh6 50. Kxg4
Kg6 51. Kf4 Kf6 52. g4 Kg6 53. g5 Kg7 54. Kf5 Kf7 55. g6+ Kg7 56. Kg5 Kg8
57. Kf6 Kf8 58. g7+ Kg8 59. Kg6 {Black stalemated} 1/2-1/2

[Event "ICC tourney 2782 (30 10)"]
[Site "Internet Chess Club"]
[Date "2022.01.02"]
[Round "5"]
[White "BYSIEK, SYLVIA GRACE:SylviaGrace"]
[Black "HECHT, HENRY:Henhec1001"]
[Result "0-1"]
[ICCResult "White checkmated"]
[WhiteElo "751"]
[BlackElo "988"]
[Opening "Sicilian: Anderssen variation"]
[ECO "B41"]
[NIC "SI.41"]
[Time "20:00:11"]
[PlyCount "48"]
[TimeControl "1800+10"]

1. e4 c5 2. Nf3 e6 3. d4 cxd4 4. Nxd4 Nf6 5. Nc3 Nc6 6. Nxc6 bxc6 7. Be2 d5
8. e5 Nd7 9. Bf4 Qc7 10. Qd4 Bc5 11. Qd1 Nxe5 12. Qd2 Bd6 13. O-O-O Nc4 14.
Bxc4 Bxf4 15. Qxf4 Qxf4+ 16. Kb1 Qxc4 17. Rhe1 O-O 18. g3 Rb8 19. h4 d4 20.
Ne4 e5 21. f3 Be6 22. g4 Qxa2+ 23. Kc1 Rxb2 24. g5 Rxc2# {White checkmated}
0-1